 Dungeon Crawl Stone Soup version 0.29.1-2-gbd0b4ee654 (webtiles) character file.

Game seed: 692673827816543516

70233 SBREAKGMBH the Protected (level 15, -6/124 HPs)
             Began as a Formicid Fighter on Nov 12, 2022.
             Was the Champion of Okawaru.
             Mangled by an ettin
             ... wielding the +6 great mace of the Middle {freeze, rN+ SInv}
              (20 damage)
             ... on level 1 of the Orcish Mines.
             The game lasted 00:38:56 (26446 turns).

SBREAKGMBH the Protected (Formicid Fighter)        Turns: 26446, Time: 00:38:57

Health: -6/124     AC: 29    Str: 27    XL:     15   Next: 77%
Magic:  22/22      EV:  7    Int: 13    God:    Okawaru [******]
Gold:   1460       SH: 14    Dex: 17    Spells: 14/14 levels left

rFire   + + +      SeeInvis +   i - +6 demon whip of the Jocular God {venom, rF++ Dex+4}
rCold   + + +      Faith    +   U - +0 tower shield
rNeg    . . .      Spirit   .   a - +5 gold dragon scales of the Stars {rElec rPois rF+ rC+}
rPois   +          Reflect  .   (helmet unavailable)
rElec   +          Harm     +   N - scarf {rC+ rF+}
rCorr   .          Rampage  .   V - +2 pair of gloves "Naoph" {Harm Regen+ Int+4}
Will    +....                   J - +0 pair of boots of Arewk {rF+}
Stlth   ..........              G - amulet of faith
HPRegen 1.10/turn               O - ring of protection from cold
MPRegen 0.18/turn               P - ring of protection from cold

@: no status effects
A: permanent stasis, dig shafts and tunnels, antennae 3, four strong arms
a: Dig, Shaft Self, Renounce Religion, Heroism, Finesse, Duel


You were on level 1 of the Orcish Mines.
You worshipped Okawaru.
Okawaru was exalted by your worship.
You visited 4 branches of the dungeon, and saw 19 of its levels.
You also visited: Bailey and Ice Cave.

You collected 1866 gold pieces.
You spent 406 gold pieces at shops.

Inventory:

Hand Weapons
 i - the +6 demon whip of the Jocular God (weapon) {venom, rF++ Dex+4}
   (You acquired it on level 7 of the Dungeon)

   It poisons the flesh of those it strikes.
   Dex:       It affects your dexterity (+4).
   rF:        It greatly protects you from fire.
 s - a +2 whip of draining
 I - a +0 giant spiked club
Missiles
 n - 45 poisoned darts
 r - 8 boomerangs of dispersal
Armour
 a - the +5 gold dragon scales of the Stars (worn) {rElec rPois rF+ rC+}
   (Okawaru gifted it to you in an ice cave)

   rF:        It protects you from fire.
   rC:        It protects you from cold.
   rElec:     It insulates you from electricity.
   rPois:     It protects you from poison.
 J - the +0 pair of boots of Arewk (worn) {rF+}
   (Okawaru gifted it to you on level 11 of the Dungeon)

   rF:        It protects you from fire.
 N - a scarf of resistance (worn)
 U - a +0 tower shield (worn)
 V - the +2 pair of gloves "Naoph" (worn) {Harm Regen+ Int+4}
   (Okawaru gifted it to you on level 12 of the Dungeon)

   Int:       It affects your intelligence (+4).
   Regen:     It increases your rate of health regeneration.
   Harm:      It increases damage dealt and taken.
Jewellery
 c - a ring of fire
 G - an amulet of faith (around neck)
 O - a ring of protection from cold (left hand)
 P - a ring of protection from cold (right hand)
Wands
 p - a wand of quicksilver (7)
 C - a wand of mindburst (9)
 K - a wand of iceblast (10)
 T - a wand of flame (5)
Scrolls
 b - 2 scrolls of poison
 e - a scroll of brand weapon
 g - 2 scrolls of magic mapping
 k - 3 scrolls of enchant armour
 o - 5 scrolls of noise
 q - 5 scrolls of fear
 w - 2 scrolls of vulnerability
 y - a scroll of fog
 z - 3 scrolls of enchant weapon
 A - a scroll of summoning
 H - 3 scrolls of amnesia
 S - 2 scrolls of immolation
Potions
 d - 3 potions of might
 f - 4 potions of heal wounds
 h - 2 potions of ambrosia
 j - 3 potions of magic
 l - 3 potions of lignification
 m - 10 potions of curing
 t - 4 potions of haste
 u - 3 potions of attraction
 v - 2 potions of invisibility
 B - 2 potions of resistance
 E - 4 potions of brilliance
 F - 6 potions of mutation
 L - 4 potions of berserk rage
 M - 2 potions of flight {unknown}
Miscellaneous
 D - a phial of floods
 Q - a box of beasts
 R - a lightning rod (4/4)


   Skills:
 * Level 13.4 Fighting
 - Level 12.0 Maces & Flails
 * Level 13.4 Armour
 * Level 10.0 Dodging
 + Level 9.9 Stealth
 + Level 5.1 Shields
 + Level 9.9 Invocations
 + Level 9.1 Evocations


You had 14 spell levels left.
You didn't know any spells.
Your spell library contained the following spells:

 Spells                   Type           Power      Damage    Failure   Level
 Apportation              Tloc           0%         N/A       100%        1
 Beastly Appendage        Tmut           0%         N/A       100%        1
 Sting                    Tmut/Pois      0%         1d3       100%        1
 Poisonous Vapours        Pois/Air       0%         N/A       100%        2
 Sublimation of Blood     Necr           0%         N/A       100%        2
 Wereblood                Tmut           0%         N/A       100%        2
 Gell's Gravitas          Tloc           0%         N/A       100%        3
 Spider Form              Tmut/Pois      0%         N/A       100%        3
 Stone Arrow              Conj/Erth      0%         3d7       100%        3
 Teleport Other           Tloc           0%         N/A       100%        3
 Corpse Rot               Necr/Pois/Air  0%         N/A       100%        4
 Olgreb's Toxic Radiance  Pois           0%         N/A       100%        4
 Petrify                  Tmut/Erth      0%         N/A       100%        4
 Alistair's Intoxication  Tmut/Pois      0%         N/A       100%        5
 Irradiate                Conj/Tmut      0%         3d11      100%        5
 Dispersal                Tloc           0%         N/A       100%        6
 Lehudib's Crystal Spear  Conj/Erth      0%         10d2      100%        8
 Animate Armour           Summ/Erth      Unusable   N/A       N/A         4

Dungeon Overview and Level Annotations

Branches:
Dungeon (12/15)            Temple (1/1) D:7            Lair (5/5) D:8
 Shoals (0/4) Lair:2        Snake (0/4) Lair:3        Slime (0/5) Lair:5
    Orc (1/2) D:11         Bailey (visited)           IceCv (visited)

Altars:
Ashenzari
Cheibriados
Dithmenos
Elyvilon
Fedhas
Gozag
Hepliaklqana
Kikubaaqudgha
Makhleb
Nemelex Xobeh
Okawaru
Qazlal
Ru
Sif Muna
Trog
Uskayaw
Vehumet
Wu Jian
Xom
Yredelemnul
Zin
The Shining One
Jiyva

Shops:
D:9 ([[   Orc:1 ?

Annotations:
D:11 exclusion: obsidian statue
D:12 3 runed translucent doors, erofeev's ghost, journeyman DrIE
Orc:1 Wentworth's ghost, journeyman VSIE


Innate Abilities, Weirdness & Mutations

You cannot be hasted, slowed, berserked, paralysed or teleported.
You can dig through walls and to a lower floor.
You have a pair of large antennae on your head. (SInv)
Your four strong arms can wield two-handed weapons with a shield.


Message History

The two-headed ogre looks as sick as possible!
The two-headed ogre is heavily wounded.
You block the two-headed ogre's attack. The two-headed ogre closely misses you.
You hit the two-headed ogre.
The two-headed ogre looks as sick as possible!
The two-headed ogre is heavily wounded.
The two-headed ogre hits you with a +0 giant club!
The two-headed ogre barely misses you.
You enter the transporter and appear at another place.
You block the ettin's attack.
The ettin hits you with a +4 great mace!
You thrash the two-headed ogre!!
You kill the two-headed ogre!
Okawaru accepts your kill.
Your Dodging skill increases to level 10!
You barely miss the ettin. You block the ettin's attack.
The ettin hits you with a +4 great mace!!!
You are too injured to fight recklessly!
You are too injured to fight recklessly!
Unknown command.
Okay, then.
The ettin attacks as you move away! You block the ettin's attack. x2
You hit the ettin.
The ettin is poisoned.
The ettin is lightly wounded.
You block the ettin's attack.
The ettin hits you with a +4 great mace.
You whack the ettin!
The ettin looks as sick as possible!
The ettin is moderately wounded.
The ettin hits you with the +6 great mace of the Middle {freeze, rN+ SInv}.
The ettin hits you with a +4 great mace.
Aiming: Mindburst
Press: ? - help, Shift-Dir - straight line, f - ettin
Aim: an ettin, wielding the +6 great mace of the Middle {freeze, rN+ SInv} and a +4 great mace (moderately wounded, extremely poisoned, chance to affect: 78%)
The ettin's minds are blasted!!
The ettin hits you with the +6 great mace of the Middle {freeze, rN+ SInv}!!
* * * LOW HITPOINT WARNING * * *
The ettin freezes you.
* * * LOW HITPOINT WARNING * * *
The ettin hits you with a +4 great mace!
You die...

##.....##.........#.######.#.#
##.....##...........# #.....
##...##...........## ##.#.#
##.##.........#.## #####
#####..#......##
##.##.....########
#...##....#......#
##...#....#.#..#.#
##.##.^.@#W.##..#
##.......C#..##..#
####.#..))..©#[#..#.#
##.#........).#?....©#
#............©#)#..#.#
##............#$.##..# #
###.....#....#.O##..# ##
#...#.......#.#..#.# ##.
##.#...#.#..#.....©# ##.#


You could see an ettin (extremely poisoned), a two-headed ogre and Wentworth's
ghost.

Vanquished Creatures
  An orc warlord (Bailey)
  A reaper (IceCv)
  Josephine (D:11)
  2 hydras
  A boulder beetle (D:12)
  The ghost of elongatedgoose the Grappler, a novice TrBe of Trog (D:8)
  An ogre mage (Orc:1)
  A catoblepas (Lair:4)
  8 two-headed ogres
  8 death yaks
  A shock serpent (shapeshifter) (D:12)
  Sonja (D:11)
  Amaemon (Lair:2)
  A glowing orange brain (D:12)
  A deep elf pyromancer (D:12)
  A wolf spider (Lair:5)
  2 oklob plants (Lair:3)
  6 ugly things
  2 manticores (D:12)
  22 elephants (Lair:4)
  Maurice (D:12)
  A guardian serpent (Lair:4)
  2 merfolk sirens (Lair:2)
  7 black mambas
  2 ice statues (IceCv)
  An orange demon (Lair:2)
  2 kobold demonologists
  13 cane toads
  A gargoyle (D:12)
  2 rime drakes
  An unseen horror (D:12)
  8 komodo dragons
  A freezing wraith (IceCv)
  7 ice devils
  4 hornets
  2 merfolk (Lair:2)
  A polar bear (Lair:4)
  4 trolls (Orc:1)
  25 blink frogs
  Grinder (D:5)
  A dream sheep (Lair:5)
  Sigmund (D:2)
  10 wyverns
  6 wraiths
  3 shadows
  45 yaks
  A vampire (D:9)
  A steam dragon (D:8)
  2 basilisks (Lair:4)
  4 redbacks (Lair:5)
  A death yak simulacrum (IceCv)
  3 acid dragons
  13 water moccasins
  2 hydra simulacra (IceCv)
  3 nagas (Lair:3)
  19 orc warriors
  2 ice beasts
  2 black bears
  A sky beast (D:7)
  5 wolves (Lair:4)
  2 ogres
  The ghost of qeuew the Ducker, an amateur MfGl (D:3)
  4 centaurs
  4 kobold brigands
  2 phantoms (D:5)
  14 bullfrogs
  2 two-headed ogre simulacra (IceCv)
  2 scorpions
  13 killer bees
  An elephant simulacrum (IceCv)
  3 howler monkeys
  3 electric eels
  5 orc priests
  2 jellies
  2 gnoll boudas
  5 hounds
  Jessica (D:2)
  2 iguanas (D:5)
  11 orc wizards
  2 polar bear simulacra (IceCv)
  2 wolf simulacra (IceCv)
  5 spriggan simulacra (IceCv)
  2 troll simulacra (IceCv)
  19 gnolls
  A naga simulacrum (IceCv)
  2 adders (D:2)
  A shadow imp (D:7)
  A white imp (IceCv)
  4 ufetubi
  3 worms
  4 dart slugs
  60 orcs
  7 ball pythons
  4 bats
  9 endoplasms
  4 giant cockroaches
  15 goblins
  15 hobgoblins
  5 jackals (D:1)
  18 kobolds
  3 quokkas
  A frilled lizard (D:1)
  6 rats
546 creatures vanquished.

Vanquished Creatures (others)
  A blink frog (Lair:4)
  A black bear (Lair:4)
  31 fungi
  70 plants
103 creatures vanquished.

Grand Total: 649 creatures vanquished

Notes
Turn   | Place    | Note
-------+----------+-------------------------------------------
     0 | D:1      | SBREAKGMBH the Formicid Fighter began the quest for the
                  | Orb.
     0 | D:1      | Reached XP level 1. HP: 18/18 MP: 1/1
   171 | D:1      | Reached XP level 2. HP: 24/24 MP: 2/2
   502 | D:1      | Reached XP level 3. HP: 29/29 MP: 3/3
   998 | D:1      | Found a faded altar of an unknown god.
  1358 | D:2      | Reached XP level 4. HP: 29/37 MP: 4/4
  1769 | D:2      | Noticed Jessica
  1774 | D:2      | Killed Jessica
  2105 | D:2      | Reached XP level 5. HP: 42/42 MP: 5/5
  2197 | D:2      | Noticed Sigmund
  2211 | D:2      | Killed Sigmund
  2212 | D:2      | Reached XP level 6. HP: 34/49 MP: 6/6
  2212 | D:2      | Found an ancient bone altar of Kikubaaqudgha.
  2902 | D:3      | Found a stormy altar of Qazlal.
  2922 | D:3      | Reached skill level 5 in Maces & Flails
  2991 | D:3      | Found a runed translucent gate.
  2991 | D:3      | Found a runed translucent gate.
  2992 | D:3      | Found a runed translucent gate.
  2993 | D:3      | Noticed qeuew's ghost (amateur MfGl)
  3204 | D:3      | Reached XP level 7. HP: 22/48 MP: 7/7
  3218 | D:3      | Killed qeuew's ghost
  3219 | D:3      | Reached skill level 5 in Fighting
  3728 | D:4      | Reached skill level 5 in Armour
  3910 | D:4      | Found an iron altar of Okawaru.
  3975 | D:4      | Became a worshipper of Warmaster Okawaru
  4011 | D:4      | Identified the +7 sling "Yhobb" {vorpal, rF+ Str+4 Dex+4}
  4051 | D:4      | Identified the +1 leather armour "Mekimped" {rN+ Regen+
                  | Dex+2}
  4378 | D:5      | Entered Level 5 of the Dungeon
  4488 | D:5      | Noticed Grinder
  4496 | D:5      | Killed Grinder
  4497 | D:5      | Reached skill level 1 in Invocations
  4497 | D:5      | Reached skill level 1 in Evocations
  4497 | D:5      | Reached XP level 8. HP: 59/64 MP: 8/8
  4515 | D:5      | Reached * piety under Okawaru
  5000 | D:5      | Found a white marble altar of Elyvilon.
  5000 | D:5      | Found a shadowy altar of Dithmenos.
  5007 | D:5      | Found a hazy altar of Hepliaklqana.
  5009 | D:5      | Found a blossoming altar of Fedhas.
  5018 | D:5      | Found a basalt altar of Yredelemnul.
  5546 | D:6      | Reached ** piety under Okawaru
  5547 | D:6      | Reached XP level 9. HP: 42/69 MP: 9/11
  6311 | D:6      | Found a hide-covered altar of Uskayaw.
  6514 | D:7      | Identified a scroll of acquirement
  6516 | D:7      | Acquired the +6 demon whip of the Jocular God {venom, rF++
                  | Dex+4}
  6931 | D:7      | Found a staircase to the Ecumenical Temple.
  7355 | Temple   | Entered the Ecumenical Temple
  7624 | D:8      | Reached *** piety under Okawaru
  7625 | D:8      | Reached skill level 1 in Dodging
  7625 | D:8      | Reached skill level 1 in Stealth
  7753 | D:8      | Reached XP level 10. HP: 79/79 MP: 13/13
  8167 | D:8      | Noticed a komodo dragon
  8195 | D:8      | Killed a komodo dragon
  8195 | D:8      | Reached **** piety under Okawaru
  8599 | D:8      | Found a large runed translucent door.
  8600 | D:8      | Found a large runed translucent door.
  8602 | D:8      | Noticed elongatedgoose's ghost (novice TrBe)
  8644 | D:8      | Found a staircase to the Lair.
  8745 | D:8      | Found a bloodstained altar of Trog.
  8755 | D:8      | Reached skill level 5 in Invocations
  8875 | D:8      | Killed elongatedgoose's ghost
  8875 | D:8      | Reached ***** piety under Okawaru
  8977 | D:9      | Found Caqos's Weapon Shop.
  9009 | D:9      | Identified the +0 hat of the Mantidfly {+Inv rN+ Int+4}
  9015 | D:9      | Found a shimmering blue altar of Sif Muna.
  9035 | D:9      | Found an ornate altar of the Wu Jian Council.
  9108 | D:9      | Found Nutzyhitt's Antique Armour Shoppe.
  9177 | D:9      | Found Sonkem Dois's Armour Shoppe.
  9182 | D:9      | Bought a +2 pair of gloves for 214 gold pieces
  9270 | D:9      | Reached XP level 11. HP: 67/86 MP: 14/14
  9589 | D:9      | Identified the +0 scale mail "Qefoweg" {Will++ Regen+}
                  | (Okawaru gifted it to you on level 9 of the Dungeon)
  9589 | D:9      | Received a gift from Okawaru
  9598 | D:9      | Reached skill level 5 in Evocations
 10144 | D:10     | Entered Level 10 of the Dungeon
 10178 | D:10     | Found a flagged portal.
 10184 | D:10     | Identified the +8 hand axe "Vudohus" {speed, rF+ rC+}
 10187 | Bailey   | Entered a bailey
 10671 | Bailey   | Noticed an orc warlord
 10716 | Bailey   | Killed an orc warlord
 10717 | Bailey   | Reached skill level 5 in Dodging
 10733 | Bailey   | Reached skill level 5 in Stealth
 10865 | Bailey   | Identified the +6 flail "Lannezid" {flame, Will- Int+7
                  | Stlth+}
 11018 | D:10     | Noticed a two-headed ogre
 11030 | D:10     | Killed a two-headed ogre
 11184 | D:10     | Found a glowing silver altar of Zin.
 11199 | D:10     | Reached skill level 10 in Maces & Flails
 11223 | D:10     | Reached XP level 12. HP: 66/96 MP: 16/16
 11682 | D:11     | Noticed Josephine
 11693 | D:11     | Killed Josephine
 11693 | D:11     | Identified the +0 pair of boots of Arewk {rF+} (Okawaru
                  | gifted it to you on level 11 of the Dungeon)
 11693 | D:11     | Received a gift from Okawaru
 12267 | D:11     | Found a staircase to the Orcish Mines.
 12309 | D:11     | Noticed Sonja
 12312 | D:11     | Killed Sonja
 12580 | D:11     | Noticed a two-headed ogre
 12591 | D:11     | Killed a two-headed ogre
 12592 | D:11     | Reached skill level 10 in Fighting
 12597 | D:11     | Reached skill level 10 in Armour
 12786 | D:11     | Identified the +4 mace "Ugeill" {drain, Will+ Str+2}
 12888 | D:12     | Noticed an eight-headed hydra
 12967 | Lair:1   | Entered Level 1 of the Lair of Beasts
 13378 | Lair:1   | Noticed a six-headed hydra
 13388 | Lair:1   | Killed a six-headed hydra
 13841 | Lair:1   | Reached XP level 13. HP: 99/104 MP: 18/18
 14324 | Lair:1   | Identified the +9 dagger of True Grit {flame, Int+6}
 14572 | Lair:1   | Acquired an amulet of faith
 14710 | Lair:2   | Received a gift from Okawaru
 15054 | Lair:2   | Found a staircase to the Shoals.
 15304 | Lair:2   | Reached ****** piety under Okawaru
 15753 | Lair:2   | Noticed Amaemon
 15761 | Lair:2   | Killed Amaemon
 15761 | Lair:2   | Received a gift from Okawaru
 16296 | Lair:3   | Found a frozen archway.
 16323 | Lair:3   | Received a gift from Okawaru
 16332 | IceCv    | Entered an ice cave
 17632 | IceCv    | Noticed a reaper
 17652 | IceCv    | Killed a reaper
 17652 | IceCv    | Identified the +5 gold dragon scales of the Stars {rElec
                  | rPois rF+ rC+} (Okawaru gifted it to you in an ice cave)
 17652 | IceCv    | Received a gift from Okawaru
 17995 | Lair:3   | Found a staircase to the Snake Pit.
 18275 | Lair:3   | Reached XP level 14. HP: 74/113 MP: 20/20
 20094 | Lair:4   | Received a gift from Okawaru
 21327 | Lair:5   | Entered Level 5 of the Lair of Beasts
 21613 | Lair:4   | Received a gift from Okawaru
 22106 | Lair:5   | Reached XP level 15. HP: 116/122 MP: 21/21
 22636 | Lair:5   | Identified the +6 bardiche of Disarray {flame, rCorr}
                  | (Okawaru gifted it to you on level 5 of the Lair of Beasts)
 22636 | Lair:5   | Received a gift from Okawaru
 22701 | Lair:5   | Found a viscous altar of Jiyva.
 22702 | Lair:5   | Found a staircase to the Slime Pits.
 23231 | Lair:5   | Identified the +1 leather armour "Meops" {rElec rC- Str+7
                  | Stlth+}
 24208 | D:12     | Noticed Maurice
 24227 | D:12     | Killed Maurice
 24967 | D:12     | Found a runed translucent gate.
 24968 | D:12     | Found a runed translucent gate.
 24968 | D:12     | Found a runed translucent gate.
 25219 | D:12     | Identified the +2 pair of gloves "Naoph" {Harm Regen+
                  | Int+4} (Okawaru gifted it to you on level 12 of the
                  | Dungeon)
 25219 | D:12     | Received a gift from Okawaru
 25416 | D:12     | Found a runed translucent gate.
 25416 | D:12     | Found a runed translucent gate.
 25421 | D:12     | Noticed erofeev's ghost (journeyman DrIE)
 25421 | D:12     | Noticed a cacodemon
 25421 | D:12     | Noticed a tentacled monstrosity
 25424 | D:12     | Found a runed translucent gate.
 25428 | D:12     | Found the +3 pair of seven-league boots {Rampage+∞}
 25778 | Orc:1    | Entered Level 1 of the Orcish Mines
 25876 | Orc:1    | Reached skill level 5 in Shields
 26036 | Orc:1    | Found Myokkuphio's Magic Scroll Shop.
 26074 | Orc:1    | Bought a scroll of fear for 44 gold pieces
 26074 | Orc:1    | Bought a scroll of identify for 22 gold pieces
 26074 | Orc:1    | Bought a scroll of identify for 22 gold pieces
 26074 | Orc:1    | Bought a scroll of summoning for 104 gold pieces
 26108 | Orc:1    | Noticed Wentworth's ghost (journeyman VSIE)
 26109 | Orc:1    | Found a transporter.
 26111 | Orc:1    | Identified the +6 great mace of the Middle {freeze, rN+
                  | SInv}
 26408 | Orc:1    | Found a transporter.
 26441 | Orc:1    | Reached skill level 10 in Dodging
 26446 | Orc:1    | Mangled by an ettin

Illustrated notes

Levels and vault maps discovered:
D:1:      giann_wishing_wells, layout_basic,
          shapermc_ecumenical_altar_hornbeckon
D:2:      layout_basic, basic_altar, uniq_jessica, uniq_sigmund
D:3:      layout_rooms, grunt_qazlal_clouds, gammafunk_ghost_nasty_kobolds,
          chequers_serial_rivers_small_3
D:4:      minmay_opposing_rooms, layout_rooms, mainiacjoe_overflow_24_doors
D:5:      layout_basic, chequers_temple_overflow_minitemple, uniq_grinder
D:6:      nicolae_BIG_FREAKIN_CUBE, layout_cave_pools, kennysheep_mini
D:7:      layout_cave_pods, minmay_temple_entry_gardened_gates,
          minmay_starry_boxes
D:8:      layout_rooms, lemuel_round_altar, grunt_lair_entry_orc_guard_hut,
          ebering_ghost_disaster_area
D:9:      layout_roguey, pdpol_wu_jian_five_deadly_venoms, old_standard_altar,
          serial_shops, nicolae_stop_n_shop_1, nicolae_shop_hallway_plus, shop
D:10:     layout_rooms, lemuel_tele_altar, enter_bailey_2
D:11:     layout_irregular_city, orc_0_dummy, minmay_statue_bubble, uniq_sonja,
          uniq_josephine
D:12:     layout_basic, ploomutoo_gammafunk_ghost_potion_laboratory,
          uniq_maurice
Temple:   dpeg_chambers_temple
Lair:1:   layout_hall_layers, small_statue_intersection, fungi_pond_lemuel,
          serial_bayou_shore_a
Lair:2:   layout_chaotic_city, elwin_shoals_entry_stream, st_stairs_3,
          uniq_amaemon
Lair:3:   minmay_lair_oklob_chamber, layout_gridlike,
          guppyfry_snake_entry_island, portal_ice_cave_demonic_guard
Lair:4:   layout_roguey, gammafunk_lair_bear_cave
Lair:5:   hangedman_lair_tendril_chambers, layout_misc_corridors, slime_entry_1,
          wad_woods_road_05
Orc:1:    layout_caves, serial_shops, shop, gammafunk_ghost_smash, mines2_david

Skill      XL: |  1  2  3  4  5  6  7  8  9 10 11 12 13 14 15 |
---------------+----------------------------------------------+-----
Maces & Flails | 3 4 5 6 7 8 9 10 11 12 | 12.0
Fighting       | 4 5 6 7 8 9 10 11 12 13 | 13.4
Armour         | 4 5 6 7 8 9 10 11 12 13 | 13.4
Invocations    | 1 2 4 5 6 7 8 9 |  9.9
Evocations     | 1 2 4 5 6 7 8 9 |  9.1
Dodging        | 1 3 5 6 7 9 10 | 10.0
Stealth        | 1 3 5 6 7 9 |  9.9
Shields        | 5 |  5.1

Action                   |  1- 3 |  4- 6 |  7- 9 | 10-12 | 13-15 || total
-------------------------+-------+-------+-------+-------+-------++-------
Melee: Flail             |   119 |    85 |    27 |       |       ||   231
       Whip              |       |       |   284 |       |       ||   284
       Demon whip        |       |       |    49 |   541 |  1257 ||  1847
Invok: Heroism           |       |       |       |     6 |     1 ||     7
       Finesse           |       |       |       |     2 |     1 ||     3
 Abil: Dig               |       |     2 |     3 |    10 |    11 ||    26
Evoke: Wand              |       |       |     4 |     4 |     4 ||    12
       Phial of floods   |       |       |       |     1 |       ||     1
  Use: Potion            |       |     1 |     1 |     3 |     2 ||     7
       Scroll            |       |       |    10 |     7 |    12 ||    29
Armor: Scale mail        |    25 |       |       |       |       ||    25
       Plate armour      |    59 |    45 |   137 |   167 |    62 ||   470
       Gold dragon scale |       |       |       |       |   420 ||   420
Dodge: Dodged            |    44 |    19 |    70 |   123 |   279 ||   535
Block: Buckler           |    26 |    14 |    62 |    83 |   182 ||   367
       Tower shield      |       |       |       |       |   116 ||   116
